 Dungeon Crawl Stone Soup version 0.31-a0-1300-gb6740aa4e6 (webtiles) character file.

Game seed: 1889230701702214177

65 Ekaitz the Firebug (level 3, -6/25 HPs)
             Began as a Demonspawn Fire Elementalist on Dec 19, 2023.
             Mangled by a gnoll
             ... wielding a +0 flail
              (7 damage)
             ... on level 2 of the Dungeon.
             The game lasted 00:02:48 (1574 turns).

Ekaitz the Firebug (Demonspawn Fire Elementalist)   Turns: 1574, Time: 00:02:48

Health: -6/25      AC:  6    Str: 14    XL:     3   Next: 94%
Magic:  0/6        EV: 12    Int: 17    God:
Gold:   79         SH:  0    Dex: 13    Spells: 0/6 levels left

rFire   . . .        c - +1 dagger (venom)
rCold   . . .        (no shield)
rNeg    . . .        o - +3 leather armour
rPois   .            (no helmet)
rElec   .            (no cloak)
rCorr   .            (no gloves)
SInv    .            (no boots)
Will    .....        (no amulet)
Stlth   ++           l - +6 ring of strength
HPRegen 0.24/turn    (no ring)
MPRegen 0.10/turn

%: no passive effects
@: no status effects
A: demonic touch 1
a: no special abilities


You were on level 2 of the Dungeon.
You visited 1 branch of the dungeon, and saw 2 of its levels.

You collected 79 gold pieces.

Inventory:

Hand Weapons
 c - a +1 dagger of venom (weapon)
Missiles
 i - 3 poisoned darts
Armour
 o - a +3 leather armour (worn)
Jewellery
 g - an amulet of faith
 l - a +6 ring of strength (left hand)
Scrolls
 a - a scroll of enchant weapon {unknown}
 d - a scroll of noise {unknown}
 f - a scroll of torment {unknown}
 j - a scroll of butterflies {unknown}
 n - a scroll of fear {unknown}
Potions
 b - a potion of magic
 e - a potion of curing {unknown}
 h - 2 potions of brilliance {unknown}
 k - a potion of enlightenment {unknown}
 m - a potion of degeneration {unknown}


   Skills:
 * Level 0.9 Fighting
 + Level 0.4 Short Blades
 * Level 2.2 Dodging
 + Level 1.9 Stealth
 + Level 2.3 Spellcasting
 * Level 1.8 Conjurations
 * Level 0.2 Translocations
 * Level 3.2 Fire Magic


You couldn't memorise any spells.
You knew the following spells:

 Your Spells              Type           Power      Damage    Failure   Level
a - Foxfire               Conj/Fire      40%        2x1d6     9%          1
b - Scorch                Fire           26%        2d6       10%         2
c - Volatile Blastmotes   Fire/Tloc      14%        2d11      34%         3

Your spell library contained the following spells:

 Spells                   Type           Power      Damage    Failure   Level
 Inner Flame              Hex/Fire       7%         N/A       36%         3
 Flame Wave               Conj/Fire      10%        2d6       63%         4
 Animate Dead             Necr           1%         N/A       93%         4
 Borgnjor's Vile Clutch   Necr/Erth      0%         N/A       100%        5
 Death Channel            Necr           0%         N/A       100%        6


Dungeon Overview and Level Annotations

Branches:
Dungeon (2/15)

Altars:


Innate Abilities, Weirdness & Mutations

Your touch may inflict minor irresistible damage on your foes.


Message History

An endoplasm is nearby!
The helpless endoplasm fails to defend itself.
You hit the endoplasm.
You kill the endoplasm!
a - a scroll labelled INAHYM MUGIXT 3 gnolls come into view.
There are monsters nearby!
The gnoll hits you with a +0 flail! The gnoll attacks as it pursues you!
The gnoll hits you but does no damage.
Casting: Foxfire (safe; 9% risk of failure)
Confirm with . or Enter, or press ? or * to list all spells.
You miscast Foxfire.
You are very lightly contaminated with residual magic.
Nothing appears to happen.
Casting: Foxfire (safe; 9% risk of failure)
Confirm with . or Enter, or press ? or * to list all spells.
You conjure some foxfire!
The gnoll hits you with a +0 flail.
Your foxfire dissipates!
The foxfire hits the gnoll but does no damage.
Casting: Foxfire (safe; 9% risk of failure)
Confirm with . or Enter, or press ? or * to list all spells.
Flames lash the gnoll.
The gnoll is severely wounded.
The gnoll's fire resistance burns away.
The gnoll hits you with a +0 club.
Unknown command.
You hit the gnoll.
You kill the gnoll!
You barely miss the gnoll. The gnoll hits you with a +0 flail!
* * * LOW HITPOINT WARNING * * *
Casting: Scorch (safe; 10% risk of failure)
Confirm with . or Enter, or press ? or * to list all spells.
Flames lash the gnoll.
The gnoll is heavily wounded.
The gnoll's fire resistance burns away.
The gnoll barely misses you.
Your magical contamination has completely faded away.
Unknown command.
You hit the gnoll.
The gnoll is heavily wounded.
The gnoll hits you with a +0 flail!
You die...

##..##.#.# # ##.#
.......#.#.# .#.#
#####..#.#.# ..g
#......#...# #######.#
#.##.....# #...g...#
#........######.#######
..#......##...#...#
#.#.#....##.#.###g#
#...#....##.#...@.#
#.###.......####### ..#
#....#### #.# #....#
..# #....# #.# ######
#.# ###


You could see a gnoll (combustible).

Vanquished Creatures
  A gnoll (D:2)
  An adder (D:2)
  2 dart slugs (D:1)
  2 endoplasms
  2 giant cockroaches (D:1)
  3 goblins
  10 hobgoblins
  2 jackals (D:2)
  A quokka (D:1)
  A ball python (D:2)
  7 bats
  2 frilled lizards (D:1)
  2 kobolds
  4 rats
40 creatures vanquished.

Vanquished Creatures (others)
  51 foxfires
51 creatures vanquished.

Grand Total: 91 creatures vanquished

Notes
Turn   | Place    | Note
-------+----------+-------------------------------------------
     0 | D:1      | Ekaitz the Demonspawn Fire Elementalist began the quest for
                  | the Orb.
     0 | D:1      | Reached XP level 1. HP: 13/13 MP: 3/3
   246 | D:1      | Gained mutation: Your touch may inflict minor irresistible
                  | damage on your foes. [demonic ancestry]
   246 | D:1      | Reached XP level 2. HP: 19/19 MP: 0/5
   443 | D:1      | Reached skill level 3 in Fire Magic
   702 | D:1      | Learned a level 2 spell: Scorch
  1088 | D:2      | Reached XP level 3. HP: 23/25 MP: 6/6
  1307 | D:2      | Learned a level 3 spell: Volatile Blastmotes
  1572 | D:2      | HP: 1/25 [gnoll/+0 flail (10)]
  1574 | D:2      | Mangled by a gnoll

Illustrated notes

Levels and vault maps discovered:
D:1:      psy_arrival_spokes, layout_basic
D:2:      layout_basic

Skill      XL: |  1  2 |
---------------+-------+-----
Fire Magic     | 3 |  3.2
Dodging        | 2 |  2.2
Fighting       | |  0.9
Short Blades   | |  0.4
Stealth        | |  1.9
Spellcasting   | |  2.3
Conjurations   | |  1.8
Translocations | |  0.2

Action                     || total
---------------------------++-------
  Melee: Dagger            ||    50
         Touch             ||     5
   Cast: Foxfire           ||    31
         Scorch            ||     4
   Stab: Sleeping          ||     7
 Armour: Robe              ||    39
         Leather armour    ||     6
  Dodge: Dodged            ||    32

Table legend: (Time is in decaauts)
 A = Elapsed time spent in this place.
 B = Non-inter-level travel time spent in this place.
 C = Inter-level travel time spent in this place.
 D = Time resting spent in this place.
 E = Time spent auto-exploring this place.
 F = Levels seen in this place.
 G = Mean time per level.
                   A        B        C        D        E       F      G
               +--------+--------+--------+--------+--------+-----+--------+
         Total |   1572 |   1511 |     61 |     40 |   1184 |   2 |  786.0 |
       Dungeon |   1572 |   1511 |     61 |     40 |   1184 |   2 |  786.0 |
               +--------+--------+--------+--------+--------+-----+--------+

Top non-repeatable levels by time:
     D:1: 1063 daAuts
     D:2: 509 daAuts
